AoeStats
← AVUKADO10

Arabia

505654834Analyzed
1v1 RM · 22d ago on Sep 10, 2026· 45m 11s· 2 players
Game mode
Random Map
Map size
Tiny (2 player)
Population
200
Speed
Normal
Resources
Standard
Victory
Conquest
Starting age
Dark Age
Ending age
Imperial Age
RankedLock teamsTeams togetherTeam positionsShared explorationLock speedFull tech treeHidden civsTurbo modeCheats
Victory
Defeat
🇹🇷 Chinese · Türkiye
926
+16
🇷🇺 Burmese · Russia
929
-16
AVUKADO10
12:16 Feudal Age
13:45 Man-at-Arms
22:07 Castle Age
21:12 Double-Bit Axe
21:20 Stone Mining
21:13 Horse Collar
23:37 Fletching
23:15 Pikeman
23:59 Elite Skirmisher
26:55 Bodkin Arrow
27:01 Padded Archer Armor
27:43 Loom
28:43 Leather Archer Armor
30:42 Gold Mining
35:24 Gold Shaft Mining
34:52 Heavy Plow
35:06 Bow Saw
38:53 Imperial Age
38:27 Husbandry
40:49 Chemistry
41:01 Bracer
41:09 Halberdier
MAO-WU
11:16 Feudal Age
11:58 Loom
16:56 Castle Age
16:06 Fletching
18:02 Horse Collar
25:17 Heavy Plow
25:20 Gold Mining
25:56 Stone Mining
26:45 Gold Shaft Mining
27:05 Scale Mail Armor
26:31 Pikeman
28:02 Squires
31:17 Chain Mail Armor
35:19 Town Watch
36:10 Bloodlines
37:13 Husbandry
41:25 Wheelbarrow
43:36 Scale Barding Armor
Connection lost

Rejoining the realm…

Still unreachable

The connection could not be restored.

Session expired

The server has moved on; the page needs a fresh start.